 Dungeon Crawl Stone Soup version 0.13.0-7-g3df9ff1 (webtiles) character file.

3371 Lilouch the Basher (level 9, -6/65 HPs)
             Began as a Demonspawn Fighter on Oct 16, 2013.
             Was a Follower of Nemelex Xobeh.
             Mangled by a goliath beetle (10 damage)
             ... on Level 7 of the Dungeon.
             The game lasted 01:01:13 (9394 turns).

Lilouch the Basher (Demonspawn Fighter)             Turns: 9394, Time: 01:01:13

HP  -6/65        AC 13     Str 20      XL: 9   Next: 49%
MP   8/8         EV  7     Int 10      God: Nemelex Xobeh [*.....]
Gold 465         SH 21     Dex 13      Spells:  0 memorised,  8 levels left

Res.Fire  : . . .   See Invis. : .   p - -1,+1 orc flail
Res.Cold  : . . .   Warding    : .   n - +2 orc scale mail {rN+}
Life Prot.: + . .   Conserve   : .   c - +0 shield
Res.Poison: .       Res.Corr.  : .   (helmet restricted)
Res.Elec. : .       Clarity    : .   I - +0 dwarf cloak
Sust.Abil.: . .     Spirit.Shd : .   (no gloves)
Res.Mut.  : .       Stasis     : +   (no boots)
Res.Rott. : .       Flight     : .   u - amulet of stasis
Saprovore : . . .                    (no ring)
                                     B - +1 ring of intelligence

@: slightly resistant to hostile enchantments, extremely unstealthy
A: antennae 2, demonic guardian 1, fast metabolism 1, AC +2
a: Draw One, Renounce Religion


You were on level 7 of the Dungeon.
You worshipped Nemelex Xobeh.
Nemelex Xobeh was aware of your devotion.
You were hungry.

You visited 2 branches of the dungeon, and saw 9 of its levels.

You collected 455 gold pieces.

Inventory:

Hand weapons
 p - a -1,+1 orcish flail (weapon)
 D - a cursed +2 blowgun
Missiles
 e - 133 stones (quivered)
 E - 5 poisoned needles
Armour
 c - a +0 shield (worn)
 n - a +2 orcish scale mail of positive energy (worn)
 o - a +0 plate armour
 I - a +0 dwarven cloak (worn)
 J - a +0 elven chain mail
Magical devices
 m - a wand of confusion (9) {unknown}
 s - a wand of slowing (14) {unknown}
 y - a wand of fire (4) {unknown}
Comestibles
 d - a meat ration
 F - a bread ration
Scrolls
 a - 3 scrolls of enchant weapon II {unknown}
 b - 2 scrolls of silence {unknown}
 f - a scroll of random uselessness {unknown}
 g - 5 scrolls of magic mapping {unknown}
 j - 7 scrolls of identify
 k - 4 scrolls of remove curse
 r - a scroll of curse weapon {unknown}
 t - a scroll of enchant armour {unknown}
 w - 2 scrolls of blinking {unknown}
 A - a scroll of immolation {unknown}
 C - a scroll of amnesia {unknown}
Jewellery
 q - an uncursed amulet of conservation {unknown}
 u - an amulet of stasis (around neck)
 B - a +1 ring of intelligence (left hand)
Potions
 h - a potion of restore abilities
 i - 7 potions of curing
 l - a potion of poison {unknown}
 v - a potion of mutation {unknown}
 x - 2 potions of speed {unknown}
 z - a potion of heal wounds {unknown}


   Skills:
 - Level 3.0 Fighting
 * Level 8.9 Maces & Flails
 + Level 6.5 Armour
 + Level 6.6 Shields


You had 8 spell levels left.
You didn't know any spells.

Dungeon Overview and Level Annotations

Branches:
Dungeon (8/27)             Temple (1/1) D:7
    Orc: D:6-11        Lair: D:8-13

Altars:
Ashenzari
Cheibriados
Elyvilon
Fedhas
Kikubaaqudgha
Nemelex Xobeh
Okawaru
Sif Muna
Trog
Vehumet
Xom
Yredelemnul
Zin
the Shining One

Shops:
D:4 /   D:6 /


Innate Abilities, Weirdness & Mutations

You have a pair of antennae on your head.
You are partially covered in slimy green scales (AC +2).
A weak demonic guardian rushes to your aid.
You have a fast metabolism.


Message History

There is a stone staircase leading down here.
The goliath beetle bites you but does no damage.
You hit the goliath beetle.
The goliath beetle is severely wounded.
You hit the goliath beetle but do no damage.
The goliath beetle is severely wounded.
You block the goliath beetle's attack.
You hit the goliath beetle.
The goliath beetle is almost dead.
You hit the goliath beetle but do no damage.
The goliath beetle is almost dead.
The goliath beetle bites you!
* * * LOW HITPOINT WARNING * * *
You hit the goliath beetle.
The goliath beetle is almost dead.
You hit the goliath beetle but do no damage.
The goliath beetle is almost dead.
The goliath beetle bites you!
You die...
Your body glows slightly and disappears.

.................##.#.#........#
.................##.# #######.##
.................##.# #.#
........###########.####### #.#
....###.# #.#<....# #.# ....#
#.# #.#####.# #.# ....# #.#
#...[...# #.#
....###.###########.####### #.#
....(..........B@>........#.#.#
.######.#################.#.#.#
.# #........# #.#.#.## .#
########.# #.#.#..# .# #.#
#.#.#.## .# #.# #.#.#.## .# #.#
#.#.#..# .# #.# #.#...## .#
#.##########.##..#


You could see a goliath beetle.

Vanquished Creatures
  The ghost of CrazyArbalest the Quickloader, an experienced KoHu (D:6)
  A hippogriff (Temple)
  Menkaure (D:7)
  2 phantoms
  An ogre (D:7)
  Sigmund (D:7)
  A giant frog (D:7)
  A wyvern skeleton (D:7)
  5 killer bees (D:7)
  3 wights (D:7)
  3 crimson imps
  4 orc priests
  A yellow wasp zombie (D:5)
  2 iguanas
  2 jellies (D:5)
  2 hounds
  5 orc wizards
  5 worker ants
  Ijyb (D:6)
  Terence (D:2)
  12 adders
  A worm zombie (D:5)
  3 worms (D:2)
  A giant eyeball (D:5)
  4 giant geckos
  9 oozes
  20 orcs
  4 bat skeletons
  8 giant cockroaches
  12 goblins
  8 hobgoblins
  23 jackals
  6 quokkas
  14 bats
  5 giant newts
  A hobgoblin skeleton (D:4)
  A hobgoblin zombie (D:6)
  3 kobolds
  A kobold skeleton (D:4)
  An orc skeleton (D:4)
  13 rats
  7 ballistomycetes
200 creatures vanquished.

Vanquished Creatures (collateral kills)
  2 ogres (D:4)
  A sky beast (D:5)
  An ice beast (D:5)
  Blork the orc (D:4)
  2 wights (D:7)
  A crimson imp (D:6)
  A hound (D:5)
  A worker ant (D:4)
  An iguana (D:4)
  2 jackals (D:4)
  A bat (D:7)
  A goblin (D:7)
  A rat (D:7)
16 creatures vanquished.

Vanquished Creatures (others)
  3 crimson imps
  8 iron imps
  5 lemures
  8 white imps
  9 ufetubi
  3 giant spores
  A ballistomycete (D:7)
37 creatures vanquished.

Grand Total: 253 creatures vanquished

Notes
Turn   | Place    | Note
--------------------------------------------------------------
     0 | D:1      | Lilouch, the Demonspawn Fighter, began the quest for the Orb.
     0 | D:1      | Reached XP level 1. HP: 18/18 MP: 0/0
   150 | D:1      | Gained mutation: You are partially covered in slimy green scales (AC +2). [demonic ancestry]
   150 | D:1      | Reached XP level 2. HP: 8/24 MP: 1/1
   821 | D:1      | Gained mutation: You have a pair of small antennae on your head. [demonic ancestry]
   821 | D:1      | Reached XP level 3. HP: 30/30 MP: 2/2
  1422 | D:2      | Reached XP level 4. HP: 32/36 MP: 3/3
  1543 | D:2      | Found an iron altar of Okawaru.
  1594 | D:2      | Found a blossoming altar of Fedhas.
  1796 | D:2      | Noticed Terence
  1813 | D:2      | Killed Terence
  1822 | D:2      | Found a sparkling altar of Nemelex Xobeh.
  1836 | D:2      | Became a worshipper of Nemelex Xobeh
  2413 | D:3      | Reached skill level 4 in Maces & Flails
  2413 | D:3      | Reached XP level 5. HP: 22/41 MP: 4/4
  2577 | D:3      | Gained mutation: A weak demonic guardian rushes to your aid. [demonic ancestry]
  2577 | D:3      | Reached XP level 6. HP: 48/48 MP: 5/5
  3018 | D:3      | Found a snail-covered altar of Cheibriados.
  3096 | D:3      | Found a sparkling altar of Nemelex Xobeh.
  3340 | D:4      | Found an ancient bone altar of Kikubaaqudgha.
  3375 | D:4      | HP: 2/48 [poisoned by a worker ant]
  3592 | D:4      | Found Ecza's Magical Wand Emporium.
  3638 | D:4      | Noticed Blork the orc
  3688 | D:4      | Killed Blork the orc
  3856 | D:4      | Reached skill level 5 in Maces & Flails
  3856 | D:4      | Gained mutation: You have a pair of antennae on your head. [demonic ancestry]
  3856 | D:4      | Reached XP level 7. HP: 33/53 MP: 6/6
  4290 | D:5      | Entered Level 5 of the Dungeon
  5130 | D:5      | Found a deep blue altar of Sif Muna.
  5296 | D:5      | Paralysed by a giant eyeball for 3 turns
  5302 | D:5      | Paralysed by a giant eyeball for 3 turns
  5532 | D:5      | Reached skill level 6 in Maces & Flails
  5532 | D:5      | Reached skill level 5 in Shields
  5734 | D:5      | Reached skill level 5 in Armour
  5742 | D:5      | Reached XP level 8. HP: 56/60 MP: 7/7
  6121 | D:5      | Received a gift from Nemelex Xobeh
  6130 | D:5      | Gained mutation: You have a fast metabolism. [helix card]
  6373 | D:6      | Noticed Ijyb
  6399 | D:6      | Killed Ijyb
  6412 | D:6      | Noticed CrazyArbalest's ghost (experienced KoHu)
  6456 | D:6      | Killed CrazyArbalest's ghost
  6494 | D:6      | Found Caxta's Magical Wand Emporium.
  6603 | D:6      | Acquired Nemelex Xobeh's first power
  6659 | D:6      | Reached skill level 7 in Maces & Flails
  6958 | D:6      | Found a bloodstained altar of Trog.
  7138 | D:7      | Noticed Menkaure
  7396 | D:7      | Killed Menkaure
  7792 | D:7      | Found a glowing golden altar of the Shining One.
  7840 | D:7      | Reached XP level 9. HP: 50/65 MP: 8/8
  8237 | D:7      | Reached skill level 8 in Maces & Flails
  8332 | D:7      | Noticed Sigmund
  8347 | D:7      | Killed Sigmund
  8631 | D:7      | Found a staircase to the Ecumenical Temple.
  8653 | Temple   | Entered the Ecumenical Temple
  9394 | D:7      | Mangled by a goliath beetle

Action                   |  1- 3 |  4- 6 |  7- 9 || total
-------------------------+-------+-------+-------++-------
Melee: Mace              |   237 |   218 |   245 ||   700
       Flail             |       |       |   340 ||   340
Evoke: Deck              |       |       |     5 ||     5
  Use: Potion            |       |     1 |     1 ||     2
       Scroll            |       |       |     2 ||     2
 Stab: Distracted        |       |       |     1 ||     1
